 Dungeon Crawl Stone Soup version 0.30.1-9-gdf580d7c3d (webtiles) character file.

Game seed: 14159074544912787783

125 Ivernyr the Shield-Bearer (level 5, -8/42 HPs)
             Began as a Formicid Fighter on Oct 12, 2023.
             Was an Initiate of Wu Jian.
             Mangled by an ogre
             ... wielding a +0 giant club
              (27 damage)
             ... on level 4 of the Dungeon.
             The game lasted 00:04:06 (2280 turns).

Ivernyr the Shield-Bearer (Formicid Fighter)        Turns: 2280, Time: 00:04:07

Health: -8/42      AC:  7    Str: 21    XL:     5   Next: 30%
Magic:  5/5        EV:  9    Int:  7    God:    Wu Jian [......]
Gold:   187        SH:  5    Dex: 15    Spells: 4/4 levels left

rFire   . . .        a - +0 long sword
rCold   . . .        c - +0 buckler
rNeg    . . .        b - +0 scale mail
rPois   .            (helmet unavailable)
rElec   .            (no cloak)
rCorr   .            (no gloves)
SInv    +            (no boots)
Will    .....        (no amulet) Stlth
                     i - +4 ring of slaying
HPRegen 0.27/turn    (no ring)
MPRegen 0.09/turn

%: no passive effects
@: no status effects
A: permanent stasis, dig shafts and tunnels, antennae 3, four strong arms
a: Dig, Shaft Self, Renounce Religion


You were on level 4 of the Dungeon.
You worshipped Wu Jian.
Wu Jian was noncommittal.
You visited 1 branch of the dungeon, and saw 4 of its levels.

You collected 187 gold pieces.

Inventory:

Hand Weapons
 a - a +0 long sword (weapon)
 q - a +0 great sword
Armour
 b - a +0 scale mail (worn)
 c - a +0 buckler (worn)
Jewellery
 i - a +4 ring of slaying (left hand)
Scrolls
 e - a scroll of torment {unknown}
 f - 3 scrolls of fog {unknown}
 g - 3 scrolls of identify {unknown}
 h - 3 scrolls of noise {unknown}
 j - 4 scrolls of teleportation {unknown}
 o - a scroll of magic mapping {unknown}
 p - a scroll of poison {unknown}
 r - a scroll of summoning {unknown}
Potions
 d - a potion of might
 k - 2 potions of curing {unknown}
 l - a potion of flight {unknown}
 m - a potion of ambrosia {unknown}
 n - a potion of heal wounds {unknown}


   Skills:
 + Level 4.0 Fighting
 * Level 3.5 Long Blades
 + Level 4.0 Armour
 + Level 4.9 Shields


You had 4 spell levels left.
You didn't know any spells.
Your spell library contained the following spells:

 Spells                   Type           Power      Damage    Failure   Level
 Sandblast                Erth           0%         2d4       83%         1
 Ensorcelled Hibernation  Hex/Ice        0%         N/A       92%         2
 Passwall                 Tmut/Erth      0%         N/A       92%         2
 Spider Form              Tmut/Pois      0%         N/A       99%         3
 Stone Arrow              Conj/Erth      0%         3d7       99%         3
 Anguish                  Hex/Necr       0%         N/A       100%        4


Dungeon Overview and Level Annotations

Branches:
Dungeon (4/15)
 Temple: D:4-7

Altars:
Wu Jian

Annotations:
D:3 2 runed translucent doors, tish's ghost, amateur OpFi


Innate Abilities, Weirdness & Mutations

You cannot be hasted, slowed, berserked, paralysed or teleported.
You can dig through walls and to a lower floor.
You have a pair of large antennae on your head. (SInv)
Your four strong arms can wield two-handed weapons with a shield.


Message History

You slash the adder!
The adder is severely wounded.
The adder bites you but does no damage.
You slash the adder!
You kill the adder!
The Council accepts your kill.
Your Fighting skill increases to level 4!
Your Armour skill increases to level 4!
You sense a monster nearby.
An adder comes into view.
The adder hisses angrily.
You lunge at the adder.
You hit the adder.
The adder is lightly wounded.
The adder bites you.
You are poisoned.
The adder poisons you!
You slash the adder!
You kill the adder!
The Council accepts your kill.
You feel sick.
Found a great sword.
You feel sick.
You feel sick.
You feel sick.
You feel sick.
You feel sick.
You are no longer poisoned.
HP restored.
You see here a +0 great sword.
Found a mace.
An ogre comes into view. It is wielding a +0 giant club.
The ogre shouts!
You hit the ogre.
The ogre is lightly wounded.
The ogre hits you with a +0 giant club!!
Ouch! That really hurt!
You completely miss the ogre.
The ogre is lightly wounded.
The ogre hits you with a +0 giant club!!
Ouch! That really hurt!
You die...

.<# ..# #.. #.# ..
#.## #.# #.<# ##. ..
.#.#### ###.... .#
......###....####.##
##.##.....#####....#
.#.##..#.###....@O?#
.#....##.#.).##.##.#
....####...####.# ..
.#...# #...# .)# #..
...### #......... ##
#.## ...##.#..## #.#
.##.# ...## #.. .
..# ..## .... .###
...


You could see an ogre.

Vanquished Creatures
  5 adders
  3 gnolls (D:2)
  A dart slug (D:3)
  5 orcs (D:3)
  4 bats
  2 endoplasms
  3 giant cockroaches (D:2)
  A goblin (D:2)
  2 hobgoblins (D:1)
  2 jackals (D:1)
  8 kobolds
  2 quokkas
  4 ball pythons
  5 rats
47 creatures vanquished.

Notes
Turn   | Place    | Note
-------+----------+-------------------------------------------
     0 | D:1      | Ivernyr the Formicid Fighter began the quest for the Orb.
     0 | D:1      | Reached XP level 1. HP: 18/18 MP: 1/1
   171 | D:1      | Found a faded altar of an unknown god.
   262 | D:1      | Reached XP level 2. HP: 24/24 MP: 2/2
   697 | D:1      | You fall into a shaft and drop 1 floor!
   798 | D:2      | Found an ornate altar of the Wu Jian Council.
   807 | D:2      | Became a worshipper of the Wu Jian Council
   826 | D:2      | Reached XP level 3. HP: 29/29 MP: 3/3
   938 | D:2      | Reached XP level 4. HP: 21/37 MP: 4/4
  1558 | D:3      | Found a runed translucent door.
  1558 | D:3      | Noticed a bullfrog
  1559 | D:3      | Noticed tish's ghost (amateur OpFi)
  1676 | D:3      | Reached XP level 5. HP: 38/42 MP: 5/5
  2096 | D:3      | Found a runed translucent door.
  2277 | D:4      | Noticed an ogre
  2280 | D:4      | Mangled by an ogre

Illustrated notes

Levels and vault maps discovered:
D:1:      nzn_arrival_depleted_hourglass, layout_basic, basic_ecumenical_altar,
          dreamdust_princess_corridor, nrook_mini_backslash, eino_curves_03,
          hangedman_decor_riveting, grunt_decor_clamped
D:2:      layout_loops_ring, basic_altar
D:3:      layout_loops_cross, ebering_ghost_sewer_f
D:4:      layout_rooms, minmay_temple_entry_offerings,
          hellmonk_ghost_happy_afterlife

Skill      XL: |  1  2  3  4  5 |
---------------+----------------+-----
Long Blades    | 3 |  3.5
Fighting       | 4 |  4.0
Armour         | 4 |  4.0
Shields        | |  4.9

Action                     |  1- 3 |  4- 6 || total
---------------------------+-------+-------++-------
  Melee: Long sword        |    84 |    58 ||   142
Ability: Lunge             |     2 |     2 ||     4
         Dig               |       |     1 ||     1
 Armour: Scale mail        |    37 |    21 ||    58
  Dodge: Dodged            |    43 |    16 ||    59
  Block: Buckler           |    20 |     8 ||    28
